 Adventure DCSS version bcrawl-1.27.3 (webtiles) character file.

Game seed: 18432606311820897638

93245 galech the Shield-Bearer (level 3, 29/29 HPs)
             Began as a Demonspawn Fighter on July 31, 2020.
             Quit the game on level 2 of the Dungeon.
             The game lasted 00:01:40 (1332 turns).

galech the Shield-Bearer (Demonspawn Fighter)       Turns: 1332, Time: 00:01:40

Health: 29/29      AC:  7    Str: 16    XL:     3   Next: 1%
Magic:  3/3        EV:  5    Int:  9    God:
Gold:   58         SH:  9    Dex: 14    Spells: 2/2 levels left
                                        Lives:  1   Deaths: 1

rFire    + . .     SeeInvis .   a - +0 war axe
rCold    . . .     Gourm    .   c - +0 medium shield
rNeg     . . .     Faith    .   b - +0 scale mail
rPois    .         Spirit   .   (no helmet)
rElec    .         Reflect  .   (no cloak)
rCorr    .         Harm     .   (no gloves)
MR       .....                  h - +0 pair of boots
Stlth    ..........             (no amulet)
HPRegen  0.09/turn              (no ring)
MPRegen  0.08/turn              (no ring)

@: no status effects
A: fire resistance 1, spiny 1
a: no special abilities


You were on level 2 of the Dungeon.
You were not hungry.

You visited 1 branch of the dungeon, and saw 2 of its levels.

You collected 58 gold pieces.

Inventory:

Hand Weapons
 a - a +0 war axe (weapon)
Armour
 b - a +0 scale mail (worn)
 c - a +0 medium shield (worn)
 h - a +0 pair of boots (worn)
Scrolls
 f - a scroll of identify
 j - a scroll of enchant armour {unknown}
 m - a scroll of remove curse {unknown}
 n - a scroll of teleportation {unknown}
Potions
 d - a potion of might
Comestibles
 e - 3 rations {!d}


   Skills:
 + Level 3.3 Fighting
 + Level 2.3 Axes
 + Level 3.0 Armour
 + Level 0.3 Dodging
 + Level 3.5 Shields


You had 2 spell levels left.
You didn't know any spells.
Your spell library was empty.

Dungeon Overview and Level Annotations

Branches:
Dungeon (2/12)

Altars:
Qazlal

Annotations:
D:2 Robin


Innate Abilities, Weirdness & Mutations

Your flesh is heat resistant. (rF+)
You are partially covered in sharp spines.


Message History

You hit Robin but do no damage.
Robin is severely wounded.
Robin hits you with a +5 trident of freezing!
* * * LOW HITPOINT WARNING * * *
Robin freezes you.
* * * LOW HITPOINT WARNING * * *
You barely miss Robin.
Robin is severely wounded.
Robin hits you with a +5 trident of freezing.
* * * LOW HITPOINT WARNING * * *
Robin freezes you.
* * * LOW HITPOINT WARNING * * *
Robin is struck by your spines.
Robin hits you with a +5 trident of freezing!
You die...
Robin freezes you.
Xom reaches out...
You are now level 3!
You rejoin the land of the living...
Are you sure you want to abandon this character and quit the game? (Confirm with "yes".)

#..####.###.# #..#
.# #..# .#
#..####.#
#.......###.
#.###.......
#.####.###...######
#..................
######@###.........
#...........#.#
######..#####.#
#......#.#
#.####.#.## #
#.........###
#)####.#..#E#
#)####.#..###
#.##.........


There were no monsters in sight!

Vanquished Creatures
  A worker ant (D:2)
  An ooze (D:1)
  A dart slug (D:2)
  2 leopard geckos (D:1)
  An orc (D:2)
  A bat (D:1)
  3 giant cockroaches
  5 goblins
  4 hobgoblins
  A jackal (D:1)
  8 kobolds
  A ball python (D:1)
  4 frilled lizards
  4 rats
37 creatures vanquished.

Notes
Turn   | Place    | Note
-------+----------+-------------------------------------------
     0 | D:1      | galech the Demonspawn Fighter began the quest for the Orb.
     0 | D:1      | Reached XP level 1. HP: 18/18 MP: 1/1
    42 | D:1      | Gained mutation: Your flesh is heat resistant. (rF+)
                  | [demonic ancestry]
    42 | D:1      | Reached XP level 2. HP: 21/24 MP: 2/2
   409 | D:1      | Reached XP level 3. HP: 28/29 MP: 3/3
   701 | D:2      | Found a stormy altar of Qazlal.
   701 | D:2      | Noticed a water elemental
   702 | D:2      | Noticed an earth elemental
   703 | D:2      | Noticed an air elemental
   703 | D:2      | Noticed a fire elemental
  1110 | D:2      | Gained mutation: You are partially covered in sharp spines.
                  | [demonic ancestry]
  1110 | D:2      | Reached XP level 4. HP: 17/35 MP: 4/4
  1256 | D:2      | Found a faded altar of an unknown god.
  1322 | D:2      | Noticed Robin
  1331 | D:2      | Slain by Robin
  1332 | D:2      | Reached XP level 3. HP: -5/29 MP: 3/3
  1332 | D:2      | Quit the game

Skill      XL: |  1  2  3 |
---------------+----------+-----
Shields        | 3 |  3.5
Axes           | 2 |  2.3
Armour         | 3 |  3.0
Fighting       | |  3.3
Dodging        | |  0.3

Action                   |  1- 3 |  4- 6 || total
-------------------------+-------+-------++-------
Melee: War axe           |   133 |     6 ||   139
  Use: Potion            |     3 |       ||     3
  Eat: Chunk             |     6 |     1 ||     7
Armor: Scale mail        |    77 |       ||    77
Dodge: Dodged            |    36 |       ||    36
Block: Medium shield     |    77 |     2 ||    79
